Map: [ESL] Hard Lead

Players

ArT

  • Race: Protoss Protoss
  • Spawn Location: 11:00

milkicow - Winner!

  • Race: Terran Terran
  • Spawn Location: 5:00

Event: ESL SC2 Masters 2023 Winter (Regional)

VOD

Have the link to the VOD?

Description

Time

  • Played on: Nov. 4, 2023, 10:47 a.m.
  • Length: 5:42

All games in this series

Show
View Real Time Build Order
Export as new Build Order

ArT Protoss 

Build Orders: 1 Gate Expand, Oracle Opening, Phoenix Opening 

Get SALT Encoding   

  12  0:00  Probe  
  13  0:12  Probe  
  14  0:17  Pylon  
  14  0:24  Probe (Chrono Boost)  
  15  0:35  Gateway  
  15  0:37  Probe (Chrono Boost)  
  16  0:45  Probe (Chrono Boost)  
  16  0:46  Assimilator  
  17  0:51  Probe  
  18  1:03  Probe  
  19  1:15  Probe  
  20  1:22  Cybernetics Core  
  20  1:34  Nexus  
  20  1:38  Probe  
  21  1:44  Pylon  
  21  1:50  Probe  
  21  1:52  Assimilator  
  22  1:59  Adept (Chrono Boost)  
  22  2:02  Probe  
  25  2:15  Probe  
  26  2:19  Stargate  
  26  2:25  Adept  
  26  2:27  Probe  
  29  2:35  Warp Gate  
  29  2:41  Probe (Chrono Boost)  
  30  2:47  Probe (Chrono Boost)  
  32  2:56  Probe x2 (Chrono Boost), Adept  
  35  3:01  Oracle (Chrono Boost)  
  35  3:02  Probe  
  35  3:03  Probe  
  40  3:11  Pylon  
  40  3:14  Probe  
  40  3:15  Probe  
  42  3:26  Probe, Adept  
  45  3:27  Probe  
  45  3:29  Phoenix (Chrono Boost)  
  48  3:38  Probe  
  48  3:39  Probe  
  50  3:41  Pylon  
  50  3:43  Assimilator  
  50  3:50  Probe  
  51  3:56  Probe  
  51  4:01  Phoenix  
  53  4:04  Probe  
  53  4:08  Probe  
  48  4:16  Probe  
  49  4:21  Probe  
  50  4:26  Phoenix  
  50  4:28  Probe  
  50  4:29  Forge  
  50  4:35  Probe (Chrono Boost)  
  49  4:40  Probe (Chrono Boost)  
  49  4:45  Robotics Facility  
  51  4:49  Probe (Chrono Boost)  
  51  4:50  Probe (Chrono Boost)  
  52  4:53  Oracle  
  52  4:54  Probe (Chrono Boost)  
  52  4:55  Shield Battery  
  52  4:57  Probe  
  54  5:02  Photon Cannon  
  54  5:06  Probe  
  53  5:09  Stalker, Probe  
  50  5:25  Shield Battery  
  50  5:32  Pylon  
Show
View Real Time Build Order
Export as new Build Order

milkicow Terran - Winner!

Build Orders: 1/1/1, Widow Mine Drop 

Get SALT Encoding   

  12  0:00  SCV  
  13  0:12  SCV  
  14  0:17  Supply Depot  
  14  0:24  SCV  
  15  0:38  SCV  
  15  0:40  Barracks  
  16  0:43  Refinery  
  16  0:50  SCV  
  16  0:53  Refinery  
  17  1:02  SCV  
  18  1:14  SCV  
  19  1:27  Orbital Command  
  19  1:32  Factory  
  20  1:41  Supply Depot, Reaper  
  20  1:52  SCV  
  21  2:04  SCV  
  24  2:15  Widow Mine  
  24  2:17  Starport  
  24  2:18  SCV  
  25  2:24  Barracks Reactor  
  25  2:30  SCV  
  25  2:34  Command Center  
  26  2:40  Widow Mine  
  28  2:44  Supply Depot  
  28  2:46  SCV  
  29  2:53  Medivac  
  31  3:06  Widow Mine, SCV, Marine x2  
  36  3:18  SCV  
  37  3:20  Armory  
  36  3:28  Cyclone  
  36  3:29  Marine  
  39  3:39  Marine  
  39  3:46  SCV  
  39  3:47  Orbital Command, Marine  
  40  3:57  Viking, Marine  
  40  3:58  SCV  
  40  4:05  Marine  
  39  4:16  SCV  
  39  4:17  Marine  
  39  4:21  SCV  
  41  4:27  Cyclone  
  41  4:31  Orbital Command, SCV  
  43  4:34  Marine  
  45  4:43  SCV, Marine  
  44  4:50  Starport Tech Lab, Barracks  
  44  4:55  SCV  
  44  4:58  SCV  
  46  5:01  Marine  
  47  5:08  SCV  
  47  5:10  SCV, Marine  
  50  5:18  Factory Tech Lab, Marine  
  50  5:20  SCV  
  48  5:22  SCV  
  48  5:26  Barracks  
Tags
 
Add a new tag
Caveats
  • Supply blocks, unpowered buildings, or Contaminate may cause inaccurate times.
  • Supply counts are checked every 10 seconds.